 Dungeon Crawl Stone Soup version 0.22-a0-419-g492bfec (webtiles) character file.

114 KristoblXynda the Conjurer (level 4, 0/33 HPs)
             Began as a Draconian Conjurer on May 15, 2018.
             Succumbed to an adder's poison
             ... on level 3 of the Dungeon.
             The game lasted 00:05:11 (2491 turns).

KristoblXynda the Conjurer (Draconian Conjurer)     Turns: 2491, Time: 00:05:11

Health: 0/33       AC:  5    Str: 10 (11) XL:     4   Next: 66%
Magic:  2/8        EV: 12    Int: 13 (16) God:
Gold:   68         SH:  0    Dex:  9 (11) Spells: 4/8 levels left

rFire    . . .     SeeInvis .   d - +0 dagger
rCold    . . .     Gourm    .   (no shield)
rNeg     . . .     Faith    .   (armour unavailable)
rPois    .         Spirit   .   (helmet restricted)
rElec    .         Reflect  .   (no cloak)
rCorr    .         Harm     .   (no gloves)
MR       .....                  (no boots)
Stlth    ++........             (no amulet)
HPRegen  0.11/turn              (no ring)
MPRegen  0.11/turn              (no ring)

@: lethally poisoned (0 -> -5)
A: unfitting armour, cold-blooded, AC +5
a: no special abilities


You were on level 3 of the Dungeon.
You were not hungry.

You visited 1 branch of the dungeon, and saw 3 of its levels.

You collected 68 gold pieces.

Inventory:

Hand Weapons
 d - a +0 dagger (weapon)
Missiles
 n - 3 poisoned javelins (quivered)
Armour
 l - a +0 buckler
Jewellery
 j - an uncursed ring of positive energy {unknown}
 k - an uncursed amulet of guardian spirit {unknown}
Scrolls
 a - 2 scrolls of amnesia {unknown}
 f - 2 scrolls of fear {unknown}
 g - a scroll of noise {unknown}
 h - a scroll of identify {unknown}
 m - a scroll of enchant weapon {unknown}
 o - a scroll of remove curse {unknown}
 p - a scroll of enchant armour {unknown}
 q - a scroll of magic mapping {unknown}
Potions
 c - 2 potions of degeneration
 e - a potion of heal wounds {unknown}
 i - a potion of curing {unknown}
Comestibles
 b - 4 rations
 r - 2 chunks of flesh


   Skills:
 - Level 2.0 Dodging
 - Level 2.0 Stealth
 + Level 2.9 Spellcasting
 + Level 5.4 Conjurations


You had 4 spell levels left.
You knew the following spells:

 Your Spells              Type           Power        Failure   Level  Hunger
a - Magic Dart            Conj           ###.         2%          1    #......
b - Dazzling Spray        Conj/Hex       #.....       22%         3    ###....

Your spell library contained the following spells:

 Spells                   Type           Power        Failure   Level  Hunger
 Iskenderun's Mystic Bla  Conj           ###.....     24%         4    #####..
 Fulminant Prism          Conj/Hex       #.........   58%         4    #####..
 Force Lance              Conj/Tloc      #.......     58%         4    #####..
 Searing Ray              Conj           ###...       3%          2    ###....


Dungeon Overview and Level Annotations

Branches:
Dungeon (3/15)

Altars:
Fedhas
Hepliaklqana
Kikubaaqudgha


Innate Abilities, Weirdness & Mutations

Your plain brown scales are hard. (AC +5)
You cannot fit into any form of body armour.
You are cold-blooded and may be slowed by cold attacks.


Message History

Casting: Magic Dart (safe; 1% risk of failure)
Confirm with . or Enter, or press ? or * to list all spells.
Aiming: Magic Dart (safe; 1% risk of failure)
Press: ? - help, Shift-Dir - straight line, f - adder
Aim: an adder (severely wounded)
The magic dart hits the adder.
You kill the adder!
You feel sick.
You feel sick.
The orc priest invokes the aid of Beogh against you.
Beogh smites you!
* * * LOW HITPOINT WARNING * * *
* * * LOW HITPOINT WARNING * * *
You feel sick.
It was a potion of degeneration.
There was something very wrong with that liquid.
You feel weakened.
You feel dopey.
You feel clumsy. The goblin closely misses you.
The orc priest miscasts a cantrip.
You die...

. ######### .. ##...#...##
>.# #####.........## ...####
#..............# ......#
#.##.........(.# ......#
#.##....<...<..#
......#######.............##
#.........o..g.@....#...##
#....###########.#..#####
##......##### #....#
...)..#.g.o.# ##....#
#....(.####(####..#......
####.#...........#........
###.##..#................
#........................
#....####.##o.............


You could see an orc priest and a goblin.

Vanquished Creatures
  An iguana (D:3)
  4 adders
  A leopard gecko (D:1)
  4 ball pythons
  A giant cockroach (D:1)
  10 goblins
  6 hobgoblins
  5 jackals
  2 kobolds
  A quokka (D:2)
  5 bats
  3 frilled lizards
  3 rats
46 creatures vanquished.

Notes
Turn   | Place    | Note
-------+----------+-------------------------------------------
     0 | D:1      | KristoblXynda the Draconian Conjurer began the quest for the Orb.
     0 | D:1      | Reached XP level 1. HP: 14/14 MP: 3/3
    11 | D:1      | Noticed an ogre
   275 | D:1      | Reached XP level 2. HP: 20/20 MP: 1/5
   904 | D:1      | Reached XP level 3. HP: 17/26 MP: 0/6
  1484 | D:2      | Reached skill level 5 in Conjurations
  2027 | D:2      | Found an ancient bone altar of Kikubaaqudgha.
  2030 | D:2      | Found a blossoming altar of Fedhas.
  2033 | D:2      | Found a hazy altar of Hepliaklqana.
  2095 | D:2      | Reached XP level 4. HP: 33/33 MP: 3/7
  2137 | D:2      | Learned a level 3 spell: Dazzling Spray
  2489 | D:3      | HP: 1/33 [poisoned by an adder]
  2491 | D:3      | Succumbed to an adder's poison

Vault maps used:
D:1:      evilmike_arrival_come_back, minmay_pentomino_p4
D:2:      grunt_temple_overflow_diamond
D:3:      old_standard_altar

Skill      XL: |  1  2  3 |
---------------+----------+-----
Stealth        | 2 |  2.0
Dodging        | 2 |  2.0
Conjurations   | 5 |  5.4
Spellcasting   | |  2.9

Action                   |  1- 3 |  4- 6 || total
-------------------------+-------+-------++-------
Melee: Unarmed           |     5 |       ||     5
       Dagger            |    58 |       ||    58
       Tailslap          |     7 |       ||     7
Throw: Javelin           |       |     1 ||     1
 Cast: Magic Dart        |    64 |    19 ||    83
  Use: Potion            |       |     1 ||     1
 Stab: Sleeping          |     1 |       ||     1
  Eat: Chunk             |     4 |     2 ||     6
Armor: Skin              |    19 |     2 ||    21
Dodge: Dodged            |    67 |     8 ||    75

Table legend:
 A = Spawn XP
 B = Non-spawn XP
 C = Spawn XP percentage of total XP
 D = Spawn monster count
 E = Non-spawn monster count
 F = Spawn count percentage of total count
 G = Total turns spent on level
                    A         B        C        D         E        F      G
               +---------+---------+-------+---------+---------+-------+---------
         Total |       0 |     163 |   0.0 |       0 |      46 |   0.0 |  2491
               +---------+---------+-------+---------+---------+-------+---------
           D:1 |       0 |      47 |   0.0 |       0 |      25 |   0.0 |  1280
           D:2 |       0 |      61 |   0.0 |       0 |      15 |   0.0 |  1064
           D:3 |       0 |      55 |   0.0 |       0 |       6 |   0.0 |   147
               +---------+---------+-------+---------+---------+-------+---------
